 Dungeon Crawl Stone Soup version 0.31-a0-240-gb923e448b6 (webtiles) character file.

Game seed: 10394288032011202453

2 qw the Shooter (level 1, 0/16 HPs)
             Began as a Minotaur Hexslinger on July 11, 2023.
             Frozen to death by an endoplasm (5 damage)
             ... on level 1 of the Dungeon.
             The game lasted 00:00:03 (57 turns).

qw the Shooter (Minotaur Hexslinger)                  Turns: 57, Time: 00:00:03

Health: 0/16       AC:  2    Str: 12    XL:     1   Next: 33%
Magic:  1/1        EV: 12    Int: 10    God:
Gold:   0          SH:  0    Dex: 12    Spells: 1/2 levels left

rFire   . . .        a - +1 sling
rCold   . . .        (no shield)
rNeg    . . .        c - +0 robe
rPois   .            (helmet restricted)
rElec   .            (no cloak)
rCorr   .            (no gloves)
SInv    .            (no boots)
Will    .....        (no amulet)
Stlth   +            (no ring)
HPRegen 0.22/turn    (no ring)
MPRegen 0.07/turn

%: no passive effects
@: no status effects
A: horns 2, retaliatory headbutt
a: no special abilities


You were on level 1 of the Dungeon.
You visited 1 branch of the dungeon, and saw 1 of its levels.


Innate Abilities, Weirdness & Mutations

You have a pair of horns on your head.
You reflexively headbutt those who attack you in melee.


   Skills:
 - Level 1.2 Fighting
 + Level 2.5 Ranged Weapons
 - Level 2.1 Dodging
 - Level 1.0 Spellcasting
 - Level 2.0 Hexes


You had one spell level left.
You knew the following spells:

 Your Spells              Type           Power      Damage    Failure   Level
a - Slow                  Hex            16%        N/A       16%         1

Your spell library contained the following spells:

 Spells                   Type           Power      Damage    Failure   Level
 Inner Flame              Hex/Fire       2%         N/A       56%         3
 Portal Projectile        Hex/Tloc       4%         N/A       56%         3
 Cause Fear               Hex            2%         N/A       83%         4

Inventory:

Hand Weapons
 a - a +1 sling (weapon)
Armour
 c - a +0 robe (worn)
Scrolls
 b - a scroll of poison

Dungeon Overview and Level Annotations

Branches:
Dungeon (1/15)

Altars:


Message History

The jackal bites the plant.
The plant begins to die.
The jackal barely misses you. The jackal bites you.
You shoot a sling bullet.
The sling bullet completely misses the jackal.
The sling bullet hits the plant but does no damage.
The plant is lightly damaged.
A nearby plant withers and dies. x2; The jackal closely misses you.
The jackal barely misses you.
The jackal bites the plant.
The hobgoblin hits you.
The jackal bites you but does no damage.
The jackal barely misses you. You furiously retaliate!
You headbutt the jackal!
You kill the jackal!
You shoot a sling bullet. The sling bullet hits the jackal.
The jackal is lightly wounded.
The hobgoblin closely misses you. The jackal closely misses you.
The jackal bites you but does no damage.
The jackal bites you. The hobgoblin hits you. The jackal barely misses you.
You furiously retaliate!
You headbutt the jackal. You shoot a sling bullet.
The sling bullet closely misses the jackal.
The jackal bites you. The jackal barely misses you.
The hobgoblin hits you but does no damage.
The jackal closely misses you. You furiously retaliate!
You headbutt the jackal.
You kill the jackal!
The jackal closely misses you.
You shoot a sling bullet.
The sling bullet closely misses the jackal.
The sling bullet hits the plant.
The plant is lightly damaged.
A nearby plant withers and dies.
The hobgoblin hits you. The jackal misses you.
You shoot a sling bullet.
The sling bullet closely misses the jackal.
The sling bullet hits the plant!
The plant begins to die.
The plant is lightly damaged.
The jackal misses you. The endoplasm closely misses you.
The hobgoblin barely misses you.
The jackal bites you but does no damage.
The endoplasm freezes you.
You are frozen.
You die... ..........#..#######. #...PPPPPPPPPPPPPPP .#####.........PPPPP.... .....#.PP.PPPPP.PPP.PPPP #...PP.PPPPPPP.P.PPPPP #...P.PPPPPPPPP.PPPPPP #...P.PPPPPPPPP.PPPPPP #...KgPPPPPPP.....PPPP #...P@PPPPPP.PP.PP.PPP #...JhPPPPP.PPP.PPP.PP #......PPP.PPP.P.PPP.P #....PP.PP.PP.PPP.PP.P #...PPPP..<..PPPPP.... #...PPP.PP.PP.PPP.PP.P ##.#PP.PPP.PPP.P.PPP.P .....PPPPP.PPP.PPP.PP .P.PPPPPP.PP.PP.PPP

You could see an endoplasm, a jackal, a hobgoblin and a kobold.

Vanquished Creatures
  2 jackals (D:1)
2 creatures vanquished.

Notes
Turn   | Place    | Note
-------+----------+-------------------------------------------
     0 | D:1      | qw the Minotaur Hexslinger began the quest for the Orb.
     0 | D:1      | Reached XP level 1. HP: 16/16 MP: 1/1
     0 | D:1      | 0 ||| qw: Version: 0.3-a-52-g30416fa
     0 | D:1      | 0 ||| qw: Game counter: 6059
     0 | D:1      | 0 ||| qw: Melee chars always use a shield: true
     0 | D:1      | 0 ||| qw: God list: Okawaru
     0 | D:1      | 0 ||| qw: Allow faded altars: false
     0 | D:1      | 0 ||| qw: Do Orc after clearing Dungeon:15 true
     0 | D:1      | 0 ||| qw: Do second Lair branch before Depths: true
     0 | D:1      | 0 ||| qw: Lair rune preference: random
     0 | D:1      | 0 ||| qw: Goals: Normal
     0 | D:1      | 0 ||| PLANNING D:1-11
    56 | D:1      | HP: 4/16 [hobgoblin (2)]
    57 | D:1      | Frozen to death by an endoplasm

Levels and vault maps discovered:
D:1:      roderic_crop_circles_arrival_large, layout_basic, minmay_crystal_room

Action                     || total
---------------------------++-------
   Fire: Sling             ||     7
 Armour: Robe              ||     4
  Dodge: Dodged            ||    14

Table legend:
 A = Non-vault XP
 B = Vault XP
 C = Vault XP percentage of total XP
 D = Non-vault monster count
 E = Vault monster count
 F = Vault count percentage of total count
                 A         B        C        D         E       F
            +---------+---------+-------+---------+---------+-------
      Total |       4 |       0 |   0.0 |       2 |       0 |   0.0
            +---------+---------+-------+---------+---------+-------
        D:1 |       4 |       0 |   0.0 |       2 |       0 |   0.0
            +---------+---------+-------+---------+---------+-------
